 Dungeon Crawl Stone Soup version 0.21.1-1-g345015f (webtiles) character file.

15163 sking99 the Grappler (level 11, -23/113 HPs)
             Began as a Troll Monk on June 24, 2018.
             Annihilated by a very large slime creature (60 damage)
             ... on level 1 of the Pits of Slime.
             The game lasted 00:42:02 (11618 turns).

sking99 the Grappler (Troll Monk)                  Turns: 11618, Time: 00:42:02

Health: -23/113    AC:  7    Str: 21    XL:     11   Next: 98%
Magic:  10/10      EV: 14    Int:  6    God:
Gold:   688        SH: 14    Dex: 15    Spells: 10/10 levels left

rFire    + . .     SeeInvis +     - Unarmed
rCold    . . .     Gourm    +   h - +3 shield
rNeg     + . .     Faith    .   G - +2 robe {rN+}
rPois    .         Spirit   .   (helmet restricted)
rElec    .         Reflect  .   (no cloak)
rCorr    .         Harm     .   (gloves unavailable)
MR       .....                  (boots unavailable)
Stlth    ++........             q - amulet of magic regeneration
HPRegen  0.68/turn              d - ring of see invisible
MPRegen  0.37/turn              K - ring of protection from fire

@: about to teleport
A: large, unfitting armour, claws 3, fast metabolism 3, gourmand, regeneration
1, shaggy fur 1, tough skin 2
a: no special abilities


You were on level 1 of the Pits of Slime.
You were not hungry.

You visited 4 branches of the dungeon, and saw 18 of its levels.

You collected 688 gold pieces.

Inventory:

Hand Weapons
 b - a +4 scimitar of flaming
Missiles
 p - 447 stones (quivered)
 s - 10 tomahawks
Armour
 a - a +0 robe
 h - a +3 shield (worn)
 E - a +2 robe of the Archmagi
 G - a +2 robe of positive energy (worn)
Jewellery
 d - a ring of see invisible (left claw)
 n - an uncursed ring of fire
 q - an amulet of magic regeneration (around neck)
 t - an uncursed ring of resist corrosion
 K - a ring of protection from fire (right claw)
Wands
 c - a wand of paralysis (21)
 x - a wand of enslavement (18)
 C - a wand of disintegration (10)
 F - a wand of polymorph (1)
Scrolls
 e - 7 scrolls of teleportation
 f - 4 scrolls of enchant weapon
 j - 3 scrolls of remove curse
 m - 2 scrolls of random uselessness
 o - 2 scrolls of amnesia
 u - 2 scrolls of fog
 J - 5 scrolls of identify
 L - a scroll of immolation {unknown}
 N - a scroll of silence
Potions
 g - 4 potions of curing
 k - 2 potions of brilliance
 l - a potion of degeneration
 r - 2 potions of lignification
 z - a potion of mutation
 A - a potion of agility
 D - a potion of ambrosia
 H - a potion of berserk rage
Books
 v - the Almanac of Hexes and Battle Magic
   (You found it on level 8 of the Dungeon)

   Spells                             Type                      Level
   a - Inner Flame                    Hexes/Fire                   3
   b - Tukima's Dance                 Hexes                        3
   c - Throw Icicle                   Conjuration/Ice              4
   d - Spellforged Servitor           Conjuration/Summoning        7
 w - a book of Debilitation

   Spells                             Type                      Level
   a - Corona                         Hexes                        1
   b - Slow                           Hexes                        2
   c - Inner Flame                    Hexes/Fire                   3
   d - Portal Projectile              Hexes/Translocation          3
   e - Cause Fear                     Hexes                        4
   f - Leda's Liquefaction            Hexes/Earth                  4
 y - a book of Conjurations

   Spells                             Type                      Level
   a - Magic Dart                     Conjuration                  1
   b - Searing Ray                    Conjuration                  2
   c - Dazzling Spray                 Conjuration/Hexes            3
   d - Fulminant Prism                Conjuration/Hexes            4
   e - Force Lance                    Conjuration/Translocation    4
   f - Iskenderun's Mystic Blast      Conjuration                  4
 B - a book of Minor Magic

   Spells                             Type                      Level
   a - Magic Dart                     Conjuration                  1
   b - Blink                          Translocation                2
   c - Call Imp                       Summoning                    2
   d - Slow                           Hexes                        2
   e - Conjure Flame                  Conjuration/Fire             3
   f - Mephitic Cloud                 Conjuration/Poison/Air       3
Comestibles
 I - 25 rations


   Skills:
 + Level 8.8 Fighting
 - Level 7.2 Dodging
 - Level 1.0 Stealth
 - Level 9.0 Shields
 * Level 10.8 Unarmed Combat


You had 10 spell levels left.
You didn't know any spells.

Dungeon Overview and Level Annotations

Branches:
Dungeon (10/15)            Temple (1/1) D:4            Lair (5/6) D:9
  Slime (2/5) Lair:5          Orc (0/2) D:10
  Swamp: Lair:2-4    Shoals: Lair:2-4     Snake: Lair:2-4    Spider: Lair:2-4

Altars:
Ashenzari
Cheibriados
Dithmenos
Elyvilon
Fedhas
Gozag
Hepliaklqana
Kikubaaqudgha
Makhleb
Nemelex Xobeh
Okawaru
Qazlal
Ru
Sif Muna
Trog
Uskayaw
Vehumet
Wu Jian
Xom
Yredelemnul
Zin
The Shining One

Shops:
D:10 =

Annotations:
D:10 Drak's ghost, novice MfMo


Innate Abilities, Weirdness & Mutations

You are too large for most types of armour.
You have claws for hands.
Your metabolism is lightning-fast.
You like to eat raw meat.
Your natural rate of healing is unusually fast.
You are covered in fur. (AC +1)
You have very tough skin. (AC +2)


Message History

You feel much better.
The slime creature completely misses you.
The slime creature hits you!
You claw the slime creature!
The slime creature is lightly wounded.
You block the slime creature's attack.
Two slime creatures merge to form a large slime creature.
You block the slime creature's attack. x2
You claw the slime creature!
The slime creature is moderately wounded.
You block the slime creature's attack.
Two slime creatures merge to form a very large slime creature.
The slime creature hits you but does no damage.
Two slime creatures merge to form a large slime creature.
You mangle the slime creature!!
The slime creature is heavily wounded.
The slime creature hits you!
The very large slime creature hits you!!!
Ouch! That really hurt!
You die...

.............
............
..........
..#.....# .
#......## ...
#......#
.....#JJJ.#
.......@.#
.......J.#
..#.....##
###.### ##


You could see a very large slime creature, a large slime creature and 2 slime
creatures.

Vanquished Creatures
  The ghost of lotte the Cleaver, a journeyman DDBe of Trog (Lair:3)
  A two-headed ogre (D:10)
  Erica (D:10)
  Pikel (D:8)
  A deep elf mage (D:9)
  A black mamba (Lair:3)
  2 spiny frogs
  The ghost of Merlin the Cudgeler, a novice DsCK of Xom (D:4)
  A centaur skeleton (D:10)
  A komodo dragon (Lair:2)
  A troll (D:7)
  A hornet (D:9)
  A hippogriff (Lair:1)
  9 spriggans (D:9)
  A wraith (D:10)
  A wyvern (D:9)
  4 hogs (D:10)
  A human (D:10)
  A hungry ghost (D:7)
  3 wargs (D:9)
  2 soldier ants
  4 water moccasins
  2 porcupines (Lair:3)
  6 sky beasts
  3 slaves (D:9)
  2 orc warriors
  A hornet zombie (D:8)
  6 ice beasts
  3 phantoms
  5 ogres
  4 wolves (Lair:5)
  3 centaurs
  A necrophage (D:10)
  A crocodile (Lair:1)
  9 bullfrogs
  2 big kobolds
  A wyvern skeleton (D:6)
  2 scorpions
  The ghost of iamserjio the Ruffian, a weakling DrMo (D:3)
  4 howler monkeys
  8 wights
  9 crimson imps
  A quasit (D:9)
  4 hounds
  A jelly (D:6)
  8 orc priests
  11 orc wizards
  A bullfrog skeleton (D:4)
  A gnoll shaman (D:3)
  4 iguanas
  13 worker ants
  4 hound skeletons
  Robin (D:3)
  3 gnolls (D:3)
  17 adders
  2 shadow imps
  6 worms
  A dart slug (D:1)
  6 leopard geckos
  40 orcs
  5 giant cockroaches
  10 hobgoblins
  14 kobolds
  4 quokkas
  5 bats
  11 frilled lizards
  13 goblins
  A leopard gecko skeleton (D:6)
  A leopard gecko zombie (D:5)
  A quokka skeleton (D:4)
  5 rats
  A fungus (Lair:3)
308 creatures vanquished.

Vanquished Creatures (others)
  A quasit (D:9)
  A quokka (D:4)
  2 fungi (Lair:5)
  3 plants
7 creatures vanquished.

Grand Total: 315 creatures vanquished

Notes
Turn   | Place    | Note
-------+----------+-------------------------------------------
     0 | D:1      | sking99 the Troll Monk began the quest for the Orb.
     0 | D:1      | Reached XP level 1. HP: 22/22 MP: 0/0
   162 | D:1      | Reached XP level 2. HP: 28/29 MP: 1/1
  1036 | D:2      | Reached skill level 4 in Unarmed Combat
  1046 | D:2      | Reached XP level 3. HP: 34/36 MP: 2/2
  1349 | D:2      | Found a sacrificial altar of Ru.
  1766 | D:3      | Noticed iamserjio's ghost (weakling DrMo)
  1766 | D:3      | Reached skill level 5 in Unarmed Combat
  1766 | D:3      | Reached XP level 4. HP: 42/44 MP: 3/3
  1784 | D:3      | Killed iamserjio's ghost
  1797 | D:3      | Reached XP level 5. HP: 16/50 MP: 4/4
  1950 | D:3      | Reached skill level 6 in Unarmed Combat
  2146 | D:3      | Noticed Robin
  2292 | D:3      | Killed Robin
  2656 | D:4      | Reached XP level 6. HP: 55/59 MP: 5/5
  2672 | D:4      | Found a white marble altar of Elyvilon.
  2683 | D:4      | Reached skill level 7 in Unarmed Combat
  2845 | D:4      | Noticed Merlin's ghost (novice DsCK)
  2909 | D:4      | Killed Merlin's ghost
  2909 | D:4      | Reached XP level 7. HP: 22/66 MP: 6/6
  3001 | D:4      | Found a staircase to the Ecumenical Temple.
  3026 | Temple   | Entered the Ecumenical Temple
  3610 | D:5      | Entered Level 5 of the Dungeon
  3691 | D:5      | Reached XP level 8. HP: 70/74 MP: 7/7
  3775 | D:5      | Reached skill level 5 in Shields
  4096 | D:5      | Found a stormy altar of Qazlal.
  4494 | D:6      | Found a sparkling altar of Nemelex Xobeh.
  4605 | D:6      | Reached XP level 9. HP: 68/80 MP: 8/8
  5239 | D:7      | Found a shattered altar of Ashenzari.
  5345 | D:7      | Found a deep blue altar of Sif Muna.
  5419 | D:7      | Noticed a troll
  5441 | D:7      | Killed a troll
  5466 | D:7      | Found a blossoming altar of Fedhas.
  5967 | D:8      | Found a shimmering altar of Xom.
  5967 | D:8      | Found an ancient bone altar of Kikubaaqudgha.
  6141 | D:8      | Identified the Almanac of Hexes and Battle Magic
  6204 | D:8      | Reached XP level 10. HP: 94/94 MP: 9/9
  6668 | D:9      | Noticed a deep elf mage
  6676 | D:9      | Killed a deep elf mage
  6676 | D:9      | Reached skill level 5 in Fighting
  6676 | D:9      | Reached skill level 5 in Dodging
  6963 | D:9      | Noticed Pikel
  6964 | D:9      | Found a staircase to the Lair.
  7086 | D:8      | Killed Pikel
  7185 | D:9      | Paralysed by a hornet for 2 turns
  7421 | D:9      | Found a glowing golden altar of the Shining One.
  7806 | D:9      | Reached XP level 11. HP: 109/109 MP: 10/10
  7999 | D:10     | Entered Level 10 of the Dungeon
  8015 | D:10     | Noticed Drak's ghost (novice MfMo)
  8046 | D:9      | Reached skill level 8 in Unarmed Combat
  8208 | D:10     | Noticed a two-headed ogre
  8227 | D:10     | Killed a two-headed ogre
  8284 | D:10     | Found Ejideadgh's Jewellery Shop.
  8548 | D:10     | Reached skill level 9 in Unarmed Combat
  9734 | D:10     | Found a staircase to the Orcish Mines.
  9802 | D:10     | Noticed Erica
  9815 | D:10     | Killed Erica
  9982 | Lair:1   | Entered Level 1 of the Lair of Beasts
 10563 | Lair:2   | Reached skill level 10 in Unarmed Combat
 10802 | Lair:3   | Noticed lotte's ghost (journeyman DDBe)
 11125 | Lair:3   | Killed lotte's ghost
 11576 | Lair:5   | Found a staircase to the Slime Pits.
 11584 | Slime:1  | Entered Level 1 of the Pits of Slime
 11584 | Slime:1  | Noticed an acid blob
 11591 | Slime:1  | Noticed a shining eye
 11599 | Slime:1  | Noticed a shining eye
 11603 | Slime:2  | Noticed a shining eye
 11618 | Slime:1  | Annihilated by a very large slime creature

Skill      XL: |  1  2  3  4  5  6  7  8  9 10 11 |
---------------+----------------------------------+-----
Unarmed Combat | 4 5 6 7 10 | 10.8
Shields        | 3 4 7 9 |  9.0
Fighting       | 4 7 8 |  8.8
Dodging        | 4 7 |  7.2
Stealth        | |  1.0

Action                   |  1- 3 |  4- 6 |  7- 9 | 10-12 || total
-------------------------+-------+-------+-------+-------++-------
Melee: Unarmed           |    82 |   155 |   391 |   628 ||  1256
       Punch             |     1 |       |       |       ||     1
Throw: Stone             |       |     3 |     3 |     8 ||    14
  Use: Scroll            |       |       |    16 |     9 ||    25
       Potion            |       |       |     3 |     2 ||     5
 Stab: Sleeping          |     6 |     1 |     3 |     3 ||    13
       Distracted        |       |       |       |     2 ||     2
  Eat: Chunk             |    21 |    11 |    33 |    49 ||   114
Armor: Robe              |    28 |    41 |    52 |    49 ||   170
       Skin              |       |       |       |     1 ||     1
Dodge: Dodged            |    25 |    48 |    90 |   171 ||   334
Block: Shield            |    21 |    58 |   145 |   358 ||   582
